 Dungeon Crawl Stone Soup version 0.30.1-4-g462c640d31 (webtiles) character file.

Game seed: 7135562329824734023

634 Graphine the Firebug (level 7, -1/50 HPs)
             Began as a Yellow Draconian Fire Elementalist on Aug 17, 2023.
             Succumbed to a killer bee's poison
             ... on level 5 of the Dungeon.
             The game lasted 00:07:59 (4434 turns).

Graphine the Firebug (DrFE)                         Turns: 4434, Time: 00:08:00

Health: -1/50      AC:  6    Str: 10    XL:     7   Next: 24%
Magic:  3/15       EV: 12    Int: 17    God:
Gold:   141        SH:  0    Dex: 12    Spells: 15/16 levels left

rFire   . . .        n - +3 short sword (speed)
rCold   . . .        (no shield)
rNeg    . . .        (body armour unavailable)
rPois   .            (helmet restricted)
rElec   .            (no cloak)
rCorr   +            (no gloves)
SInv    .            (no boots)
Will    .....        (no amulet)
Stlth   ++           c - ring of wizardry
HPRegen 0.28/turn    k - ring of resist corrosion
MPRegen 0.14/turn

%: wizardry (x1)
@: lethally poisoned (-1 -> -12), short of breath, flying
A: spit acid, AC +6, unfitting armour, cold-blooded, acid resistance
a: Breathe Acid


You were on level 5 of the Dungeon.
You visited 1 branch of the dungeon, and saw 5 of its levels.

You collected 141 gold pieces.

Inventory:

Hand Weapons
 e - a +1 dagger
 n - a +3 short sword of speed (weapon)
Jewellery
 c - a ring of wizardry (left hand)
 k - a ring of resist corrosion (right hand)
Scrolls
 f - 2 scrolls of silence
 o - a scroll of fog
Potions
 a - 2 potions of magic
 d - 2 potions of brilliance
 g - a potion of attraction {unknown}
 h - a potion of flight
 i - a potion of heal wounds {unknown}
 l - a potion of cancellation {unknown}
 m - a potion of mutation {unknown}


   Skills:
 - Level 1.7 Dodging
 - Level 1.7 Stealth
 * Level 5.4 Spellcasting
 - Level 1.0 Conjurations
 * Level 6.3 Fire Magic


You had 15 spell levels left.
You knew the following spells:

 Your Spells              Type           Power      Damage    Failure   Level
a - Foxfire               Conj/Fire      68%        2x1d7     1%          1

Your spell library contained the following spells:

 Spells                   Type           Power      Damage    Failure   Level
 Scorch                   Fire           52%        2d7       1%          2
 Inner Flame              Hex/Fire       15%        N/A       4%          3
 Volatile Blastmotes      Fire/Tloc      30%        2d12      4%          3
 Flame Wave               Conj/Fire      17%        2d7       12%         4
 Summon Guardian Golem    Hex/Summ       4%         N/A       16%         3
 Orb of Destruction       Conj           4%         9d5       100%        7
 Spellforged Servitor     Conj/Summ      3%         N/A       100%        7


Dungeon Overview and Level Annotations

Branches:
Dungeon (5/15)
 Temple: D:4-7

Altars:
Cheibriados
Ru
Uskayaw
The Shining One

Annotations:
D:3 exclusion: player ghost
D:4 1 runed translucent door, Crazy Yiuf


Innate Abilities, Weirdness & Mutations

You can spit globs of acid.
Your golden yellow scales are hard. (AC +6)
You cannot fit into any form of body armour.
You are cold-blooded and may be slowed by cold attacks.
You are resistant to acid. (rCorr)


Message History

The killer bee barely misses you.
You feel better. The killer bee stings you.
* * * LOW HITPOINT WARNING * * *
The killer bee barely misses you. x2
The killer bee stings you but does no damage.
You are too injured to fight recklessly!
Casting: Foxfire (safe; 1% risk of failure)
Confirm with . or Enter, or press ? or * to list all spells.
You conjure some foxfire!
The killer bee closely misses you. The killer bee stings you.
* * * LOW HITPOINT WARNING * * *
You are poisoned.
The killer bee poisons you! The killer bee stings you.
* * * LOW HITPOINT WARNING * * *
The killer bee closely misses you.
You feel better.
The foxfire hits the killer bee.
The killer bee is heavily wounded.
The foxfire hits the killer bee.
The killer bee is heavily wounded.
The killer bee stings you but does no damage.
The killer bee stings you.
* * * LOW HITPOINT WARNING * * *
You are poisoned.
The killer bee poisons you! The killer bee completely misses you.
The killer bee stings you.
* * * LOW HITPOINT WARNING * * *
You closely miss the killer bee.
The killer bee is almost dead.
You feel sick. The killer bee barely misses you. x2
You miss the killer bee.
The killer bee is almost dead.
You feel sick. The killer bee stings you!
* * * LOW HITPOINT WARNING * * *
You are more poisoned.
The killer bee poisons you! The killer bee barely misses you.
Unknown command.
It was a potion of flight.
You feel very buoyant.
You fly up into the air.
You die...

#. #. #. ## #.
.#.#. #.#.
###.#. #.#.#
#..†y#+#+#.#.#
#..†@y.......
#..........#
#..........#
#..........#
#..........#
#...###<.###
#...# #..#
#...# #....
##### #..###


You could see 2 killer bees.

Vanquished Creatures
  An ogre (D:4)
  A phantom (D:4)
  The ghost of kalagan the Conjurer, an amateur DECj (D:3)
  4 killer bees (D:5)
  A jelly (D:4)
  An orc priest (D:4)
  A hound (D:4)
  3 gnolls (D:3)
  4 adders
  2 dart slugs
  4 orcs (D:4)
  9 ball pythons
  4 endoplasms
  6 giant cockroaches
  6 goblins
  7 hobgoblins
  2 jackals (D:2)
  3 quokkas
  5 bats (D:2)
  5 frilled lizards
  4 kobolds
  5 rats
79 creatures vanquished.

Vanquished Creatures (others)
  279 foxfires
279 creatures vanquished.

Grand Total: 358 creatures vanquished

Notes
Turn   | Place    | Note
-------+----------+-------------------------------------------
     0 | D:1      | Graphine the Draconian Fire Elementalist began the quest
                  | for the Orb.
     0 | D:1      | Reached XP level 1. HP: 14/14 MP: 3/3
   371 | D:1      | Found a faded altar of an unknown god.
   378 | D:1      | Reached XP level 2. HP: 18/20 MP: 1/5
  1259 | D:2      | Reached XP level 3. HP: 23/26 MP: 1/7
  2177 | D:2      | Found a glowing golden altar of the Shining One.
  2426 | D:3      | Reached skill level 4 in Fire Magic
  2586 | D:3      | Found a runed translucent door.
  2587 | D:3      | Noticed kalagan's ghost (amateur DECj)
  2618 | D:3      | Killed kalagan's ghost
  2619 | D:3      | Reached XP level 4. HP: 25/33 MP: 0/9
  3071 | D:3      | Reached XP level 5. HP: 35/38 MP: 5/10
  3547 | D:4      | Noticed a phantom
  3555 | D:4      | Killed a phantom
  3556 | D:4      | Reached skill level 5 in Fire Magic
  3698 | D:4      | Found a hide-covered altar of Uskayaw.
  3717 | D:4      | Reached XP level 6. HP: 45/45 MP: 8/12
  3921 | D:4      | Found a sacrificial altar of Ru.
  3921 | D:4      | Found a snail-covered altar of Cheibriados.
  4203 | D:4      | Found a runed translucent door.
  4204 | D:4      | Noticed Crazy Yiuf
  4406 | D:5      | Entered Level 5 of the Dungeon
  4423 | D:5      | Reached skill level 5 in Spellcasting
  4424 | D:5      | Reached skill level 6 in Fire Magic
  4424 | D:5      | Your scales start taking on a golden yellow colour.
  4424 | D:5      | Reached XP level 7. HP: 31/50 MP: 6/14
  4424 | D:5      | Gained mutation: You are resistant to acid. (rCorr) [Yellow
                  | Draconian growth]
  4433 | D:5      | HP: 1/50 [killer bee (8)]
  4434 | D:5      | Succumbed to a killer bee's poison

Illustrated notes

Levels and vault maps discovered:
D:1:      elethiomel_arrival_maze, layout_basic, basic_ecumenical_altar
D:2:      cheibrodos_old_hovel, layout_basic, basic_altar, nicolae_eternal_life,
          nicolae_kite_square_tiling_tiny, minmay_pentomino_o4
D:3:      layout_basic, gammafunk_ghost_grave, minmay_fountain_box,
          kennysheep_generic_room_14
D:4:      layout_rooms, nicolae_uskayaw_suspiria,
          nicolae_overflow_two_pavilions, uniq_crazy_yiuf_cottage
D:5:      layout_basic, tgw_sif

Skill      XL: |  1  2  3  4  5  6 |
---------------+-------------------+-----
Spellcasting   | 3 4 5 |  5.4
Fire Magic     | 4 5 6 |  6.3
Dodging        | |  1.7
Stealth        | |  1.7
Conjurations   | |  1.0

Action                     |  1- 3 |  4- 6 |  7- 9 || total
---------------------------+-------+-------+-------++-------
  Melee: Dagger            |    17 |     9 |       ||    26
         Tailslap          |     3 |     2 |       ||     5
         Short sword       |       |     1 |     2 ||     3
         Punch             |       |     1 |       ||     1
   Cast: Foxfire           |    82 |    74 |     4 ||   160
Ability: Breathe Acid      |       |       |     1 ||     1
    Use: Scroll            |     3 |     5 |       ||     8
         Potion            |       |       |     4 ||     4
   Stab: Sleeping          |     1 |       |       ||     1
 Armour: Skin              |    20 |     9 |     6 ||    35
  Dodge: Dodged            |    36 |    12 |    20 ||    68
